 Dungeon Crawl Stone Soup version 0.24.0-35-gdb84b6a5db (webtiles) character file.

Game seed: 14109236973760319156, levelgen mode: deterministic

59 Peloso the Shield-Bearer (level 3, -3/33 HPs)
             Began as a Minotaur Fighter on Nov 20, 2019.
             Slain by a gnoll
             ... wielding a +2 whip of venom
              (8 damage)
             ... on level 3 of the Dungeon.
             The game lasted 00:02:58 (1682 turns).

Peloso the Shield-Bearer (Minotaur Fighter)         Turns: 1682, Time: 00:02:59

Health: -3/33      AC:  8    Str: 19 (20) XL:     3   Next: 78%
Magic:  2/2        EV:  7    Int:  5      God:
Gold:   109        SH:  9    Dex: 10      Spells: 2/2 levels left

rFire    . . .     SeeInvis .   a - +0 long sword
rCold    . . .     Gourm    .   c - +0 shield
rNeg     . . .     Faith    .   b - +0 scale mail
rPois    .         Spirit   .   (helmet restricted)
rElec    .         Reflect  .   (no cloak)
rCorr    +         Harm     .   (no gloves)
MR       .....                  l - +0 pair of boots
Stlth    ..........             (no amulet)
HPRegen  0.11/turn              p - ring of resist corrosion
MPRegen  0.08/turn              (no ring)

@: no status effects
A: retaliatory headbutt, horns 2
a: no special abilities


You were on level 3 of the Dungeon.
You were very hungry.

You visited 1 branch of the dungeon, and saw 3 of its levels.

You collected 109 gold pieces.

Inventory:

Hand Weapons
 a - a +0 long sword (weapon)
Armour
 b - a +0 scale mail (worn)
 c - a +0 shield (worn)
 l - a +0 pair of boots (worn)
Jewellery
 p - a ring of resist corrosion (left hand)
Scrolls
 g - 7 scrolls of identify {unknown}
 h - 3 scrolls of enchant armour {unknown}
 i - 2 scrolls of remove curse {unknown}
 k - a scroll of immolation {unknown}
 m - a scroll of fog {unknown}
 n - 2 scrolls of enchant weapon {unknown}
Potions
 d - a potion of might
 e - a potion of haste
 o - a potion of brilliance
Comestibles
 f - 6 rations


   Skills:
 + Level 4.1 Fighting
 + Level 3.2 Long Blades
 + Level 4.1 Armour
 + Level 0.1 Dodging
 + Level 4.4 Shields


You had 2 spell levels left.
You didn't know any spells.
Your spell library was empty.

Dungeon Overview and Level Annotations

Branches:
Dungeon (3/15)

Altars:


Innate Abilities, Weirdness & Mutations

You reflexively headbutt those who attack you in melee.
You have a pair of horns on your head.


Message History

You hit the gnoll. Your headbutt misses the gnoll.
The gnoll is heavily wounded.
You feel sick. The gnoll hits you but does no damage.
You are more poisoned.
The gnoll hits you with a +2 whip of venom.
You are more poisoned.
You hit the gnoll.
The gnoll is almost dead.
You feel very sick. The gnoll hits you.
The gnoll hits you from afar with a +0 spear!
* * * LOW HITPOINT WARNING * * *
The gnoll hits you with a +2 whip of venom.
* * * LOW HITPOINT WARNING * * *
You are more poisoned.
You feel better. The gnoll hits you but does no damage.
The gnoll hits you from afar with a +0 spear!
* * * LOW HITPOINT WARNING * * *
The gnoll hits you with a +2 whip of venom!
You die...

##.#...... .##
.......... ....
........ .
#....##.....##..
#.............
#....##..>#.###
#......gg.....#
#......gg.#####.#
#......@#(((<...#
#.#..##†#.#######
#. #.#.# # #.#.#
#......$#.#
#.#####$#.# #...#
###.#


You could see 4 gnolls.

Vanquished Creatures
  An adder (D:2)
  An ooze (D:2)
  2 worms
  2 dart slugs (D:1)
  A leopard gecko (D:1)
  2 bats (D:2)
  4 giant cockroaches
  4 goblins (D:2)
  4 hobgoblins
  2 jackals (D:3)
  6 kobolds
  3 frilled lizards
  3 rats
35 creatures vanquished.

Notes
Turn   | Place    | Note
-------+----------+-------------------------------------------
     0 | D:1      | Peloso the Minotaur Fighter began the quest for the Orb.
     0 | D:1      | Reached XP level 1. HP: 19/19 MP: 0/0
   211 | D:1      | Reached XP level 2. HP: 27/27 MP: 1/1
   855 | D:2      | Reached XP level 3. HP: 33/33 MP: 2/2
  1681 | D:3      | HP: 1/33 [gnoll/+2 whip of venom (1)]
  1682 | D:3      | Slain by a gnoll

Levels and vault maps discovered:
D:1:      minmay_arrival_split_and_join, layout_rooms, hex_medium,
          minmay_hedge_maze, minmay_strange_pillars, minmay_tromino_v4_b
D:2:      layout_basic
D:3:      layout_basic, lemuel_altar_in_water, uniq_robin

Skill      XL: |  1  2  3 |
---------------+----------+-----
Shields        | 4 |  4.4
Fighting       | 4 |  4.1
Armour         | 4 |  4.1
Long Blades    | 3 |  3.2
Dodging        | |  0.1

Action                   || total
-------------------------++-------
Melee: Long sword        ||    96
       Headbutt          ||    18
  Use: Potion            ||     6
  Eat: Chunk             ||     1
Armor: Scale mail        ||    43
Dodge: Dodged            ||    30
Block: Shield            ||    58
       Rpst.: Long sword ||     8
